 Dungeon Crawl Stone Soup version 0.30-a0-696-g2367cd04db (webtiles) character file.

Game seed: 6353794743920329854

21 kae the Insei (level 2, 0/21 HPs)
             Began as a Demonspawn Transmuter on Jan 20, 2023.
             Slain by a rat (2 damage)
             ... on level 1 of the Dungeon.
             The game lasted 00:00:25 (210 turns).

kae the Insei (Demonspawn Transmuter)                Turns: 210, Time: 00:00:25

Health: 0/21       AC:  2    Str: 10    XL:     2   Next: 65%
Magic:  5/5        EV: 12    Int: 14    God:
Gold:   10         SH:  4    Dex: 13    Spells: 4/5 levels left

rFire   . . .      SeeInvis .    c - +1 dagger (vamp)
rCold   . . .      Faith    .    (no shield)
rNeg    . . .      Spirit   .    a - +0 robe
rPois   .          Reflect  .    (no helmet)
rElec   .          Harm     .    (no cloak)
rCorr   .          Rampage  .    (no gloves)
Will    .....                    (no boots)
Stlth   +                        (no amulet)
HPRegen 0.23/turn                (no ring)
MPRegen 0.09/turn                (no ring)

@: no status effects
A: condensation shield
a: no special abilities


You were on level 1 of the Dungeon.
You visited 1 branch of the dungeon, and saw 1 of its levels.

You collected 10 gold pieces.


Innate Abilities, Weirdness & Mutations

A meltable shield of frost defends you. (SH +4)


   Skills:
 - Level 1.0 Fighting
 - Level 1.7 Dodging
 + Level 2.9 Unarmed Combat
 + Level 2.3 Spellcasting
 * Level 2.4 Transmutations


You had 4 spell levels left.
You knew the following spells:

 Your Spells              Type           Power      Damage    Failure   Level
a - Beastly Appendage     Tmut           16%        N/A       9%          1

Your spell library contained the following spells:

 Spells                   Type           Power      Damage    Failure   Level
 Wereblood                Tmut           8%         N/A       13%         2
 Spider Form              Tmut/Pois      5%         N/A       38%         3
 Ice Form                 Ice/Tmut       5%         N/A       80%         4

Inventory:

Hand Weapons
 c - a +1 vampiric dagger (weapon)
   (You took it off a kobold on level 1 of the Dungeon)
Missiles
 d - 4 stones
Armour
 a - a +0 robe (worn)
Scrolls
 e - a scroll of enchant armour {unknown}
Potions
 b - a potion of lignification {!q}

Dungeon Overview and Level Annotations

Branches:
Dungeon (1/15) Zot: 5789

Altars:

######..##.# ##......#
## .
#######..###....##. ..
........#######.... .#.
.#.................
..$. ##########.#####.#
..... ###...# .#
....[.######...### .
.......@.##..#######
......##r..........#
.#..........######.....
.......###### ##.
....... ...... . ....
.#. #


You could see a rat.


Message History

You lost 1 mp, and now have 4/5 mp.
There are monsters nearby!
You hit the ball python.
You feel better. The ball python barely misses you.
The ball python constricts you.
The ball python bites you but does no damage.
The ball python constricts you.
You hit the ball python.
You feel better.
You kill the ball python!
A rat comes into view.
There are monsters nearby!
You hit the hobgoblin. Your kick misses the hobgoblin.
A giant cockroach comes into view.
The hobgoblin misses you.
You barely miss the hobgoblin. You claw the hobgoblin.
You kill the hobgoblin!
You hit the endoplasm. Your kick misses the endoplasm.
You headbutt the endoplasm.
You kill the endoplasm!
You hit the hobgoblin but do no damage. You headbutt the hobgoblin.
The hobgoblin barely misses you. 😎 HP[+1]
Your hp is fully restored (21).
You hit the hobgoblin.
You kill the hobgoblin!
Your horns disappear.
Your talons disappear.
You hit the endoplasm. The endoplasm freezes you.
You are frozen. 😕 HP[-2]
You take 2 damage, and now have 19/21 hp.
You hit the endoplasm.
You feel better. The endoplasm barely misses you.
You hit the endoplasm. The rat bites you.
The endoplasm hits you. 😕 HP[-3] MP[+1]
You take 3 damage, and now have 16/21 hp.
Your mp is fully restored (5).
You hit the endoplasm.
You kill the endoplasm!
The rat barely misses you.
You hit the giant cockroach. The giant cockroach bites you.
The rat misses you. 😮 HP[-1]
You take 1 damage, and now have 15/21 hp.
You closely miss the giant cockroach. The giant cockroach misses you.
The rat closely misses you.
You closely miss the giant cockroach. The giant cockroach bites you.
You block the rat's attack.
You closely miss the giant cockroach. You block the giant cockroach's attack.
You block the rat's attack. The giant cockroach closely misses you.
You hit the giant cockroach. The giant cockroach bites you.
The rat bites you. 😮 HP[-3]
You take 3 damage, and now have 12/21 hp.
You are too injured to fight recklessly!
You are too injured to fight recklessly!
You are too injured to fight recklessly!
You are too injured to fight recklessly!
You are too injured to fight recklessly!
You are too injured to fight recklessly!
You hit the giant cockroach.
You kill the giant cockroach!
The rat bites you.
* * * LOW HITPOINT WARNING * * *
😨 HP[-3]
You take 3 damage, and now have 9/21 hp.
Unknown command.
The dart slug launches a dart at you. The slug dart hits you.
* * * LOW HITPOINT WARNING * * *
The rat barely misses you.
Things that are here:
a giant cockroach corpse; a hobgoblin corpse; a hobgoblin corpse 😨 HP[-3]
You take 3 damage, and now have 6/21 hp.
You hit the dart slug. You block the dart slug's attack.
You block the rat's attack. 😨 HP[+1]
You hit the dart slug. The rat bites you.
* * * LOW HITPOINT WARNING * * *
You block the dart slug's attack. 😨 HP[-1]
You take 1 damage, and now have 6/21 hp.
Unknown command.
You hit the dart slug. You block the rat's attack.
Unknown command.
You hit the dart slug. The dart slug barely misses you. The rat bites you.
* * * LOW HITPOINT WARNING * * *
😱 HP[-2]
You take 2 damage, and now have 4/21 hp.
Unknown command.
You hit the dart slug.
You feel better. The rat bites you but does no damage.
The dart slug launches a dart at you. The slug dart hits you.
* * * LOW HITPOINT WARNING * * *
😱 HP[-2]
You take 2 damage, and now have 2/21 hp.
Unknown command.
You hit the dart slug. The rat closely misses you.
Unknown command.
You hit the dart slug.
You kill the dart slug!
The rat bites you.
You die...

Skill      XL: |  1 |
---------------+----+-----
Transmutations | 2 |  2.4
Fighting       | |  1.0
Dodging        | |  1.7
Unarmed Combat | |  2.9
Spellcasting   | |  2.3

Action                   || total
-------------------------++-------
Melee: Dagger            ||    48
       Unarmed           ||     4
       Kick              ||     8
       Headbutt          ||     6
 Cast: Beastly Appendage ||     6
Armor: Robe              ||     4
Dodge: Dodged            ||    35
Block: Other             ||    10

Levels and vault maps discovered:
D:1:      lemuel_arrival_funnel, layout_rooms, corner_web_ring, st_stairs_2

Notes
Turn   | Place    | Note
-------+----------+-------------------------------------------
     0 | D:1      | kae the Demonspawn Transmuter began the quest for the Orb.
     0 | D:1      | Reached XP level 1. HP: 15/15 MP: 3/3
     0 | D:1      | magus.rc [v1.11.3]
    50 | D:1      | Reached skill level 2 in Transmutations
    73 | D:1      | Gained mutation: A meltable shield of frost defends you.
                  | (SH +4) [demonic ancestry]
    73 | D:1      | Reached XP level 2. HP: 20/21 MP: 3/5
   207 | D:1      | HP: 4/21 [rat (2)]
   210 | D:1      | Slain by a rat

Vanquished Creatures
  A dart slug (D:1)
  4 ball pythons (D:1)
  2 endoplasms (D:1)
  2 giant cockroaches (D:1)
  2 hobgoblins (D:1)
  2 jackals (D:1)
  2 bats (D:1)
  2 kobolds (D:1)
  2 rats (D:1)
19 creatures vanquished.

Table legend:
 A = Non-vault XP
 B = Vault XP
 C = Vault XP percentage of total XP
 D = Non-vault monster count
 E = Vault monster count
 F = Vault count percentage of total count
                 A         B        C        D         E       F
            +---------+---------+-------+---------+---------+-------
      Total |      31 |       4 |  11.4 |      18 |       1 |   5.3
            +---------+---------+-------+---------+---------+-------
        D:1 |      31 |       4 |  11.4 |      18 |       1 |   5.3
            +---------+---------+-------+---------+---------+-------

Illustrated notes

Table legend:
 A = Kills in this place as a percentage of kills in entire the game.
 B = Kills by you in this place as a percentage of kills by you in the entire game.
 C = Kills by friends in this place as a percentage of kills by friends in the entire game.
 D = Other kills in this place as a percentage of other kills in the entire game.
 E = Experience gained in this place as a percentage of experience gained in the entire game.
 F = Experience gained in this place divided by the number of levels of this place that you have seen.
                   A       B       C       D       E      F
               +-------+-------+-------+-------+-------+----------------------
         Total | 100.0 | 100.0 |   N/A |   N/A | 100.0 |  35.0
       Dungeon | 100.0 | 100.0 |   N/A |   N/A | 100.0 |  35.0
               +-------+-------+-------+-------+-------+----------------------

Table legend: (Time is in decaauts)
 A = Elapsed time spent in this place.
 B = Non-inter-level travel time spent in this place.
 C = Inter-level travel time spent in this place.
 D = Time resting spent in this place.
 E = Time spent auto-exploring this place.
 F = Levels seen in this place.
 G = Mean time per level.
                   A        B        C        D        E       F      G
               +--------+--------+--------+--------+--------+-----+--------+
         Total |    209 |    209 |      0 |      0 |    122 |   1 |  209.0 |
       Dungeon |    209 |    209 |      0 |      0 |    122 |   1 |  209.0 |
               +--------+--------+--------+--------+--------+-----+--------+

Top non-repeatable levels by time:
     D:1: 209 daAuts
